 Dungeon Crawl Stone Soup version 0.17-a0-1637-g5d65775 (webtiles) character file.

126 LilCorpsy the Sneak (level 5, -1/45 HPs)
             Began as a Naga Assassin on Aug 7, 2015.
             Was an Initiate of Gozag.
             Killed by divine providence
             ... invoked by an orc priest
              (8 damage)
             ... on level 3 of the Dungeon.
             The game lasted 00:09:31 (2552 turns).

LilCorpsy the Sneak (Naga Assassin)                 Turns: 2552, Time: 00:09:36

Health: -1/45      AC:  3    Str: 18    XL:     5   Next: 10%
Magic:  5/5        EV:  9    Int: 11    God:    Gozag
Gold:   284        SH:  0    Dex: 14    Spells: 0 memorised, 4 levels left

rFire  . . .     SeeInvis +     a - +2 dagger
rCold  . . .     Clarity  .     c - +0 robe
rNeg   . . .     SustAt   .     (no shield)
rPois  +         Gourm    .     (no helmet)
rElec  .         Spirit   .     d - +0 cloak
rCorr  .         Warding  .     (no gloves)
rMut   .         Stasis   .     (no barding)
MR     .....                    (no amulet)
Stlth  ++++......               (no ring)
                                (no ring)

@: mighty, heavily drained, very slow, not resistant to hostile enchantments,
stealthy
A: see invisible, deformed body, poison resistance, slowness 2, slow metabolism
1, spit poison 2, AC +1
a: Spit Poison, Potion Petition, Call Merchant, Bribe Branch, Renounce Religion


You were on level 3 of the Dungeon.
You worshipped Gozag.
Gozag was noncommittal.
You were not hungry.

You visited 1 branch of the dungeon, and saw 3 of its levels.

You collected 304 gold pieces.
You paid 20 gold pieces to Gozag.

Inventory:

Hand weapons
 a - a +2 dagger (weapon)
 b - a +0 blowgun
Missiles
 e - 18 poisoned needles
 f - 2 curare-tipped needles
Armour
 c - a +0 robe (worn)
 d - a +0 cloak (worn)
Magical devices
 o - a wand of frost (48)
Scrolls
 k - a scroll of identify
Potions
 j - a potion of curing
Comestibles
 g - a bread ration


   Skills:
 - Level 2.0(0.7) Fighting
 + Level 3.9(2.6) Short Blades
 - Level 1.7(0.5) Throwing
 - Level 0.7(0.0) Dodging
 + Level 7.8(6.4) Stealth


You had 4 spell levels left.
You didn't know any spells.

Dungeon Overview and Level Annotations

Branches:
Dungeon (3/15)

Altars:
Cheibriados
Gozag

Shops:
D:2 *


Innate Abilities, Weirdness & Mutations

You cannot wear boots.
Your serpentine skin is tough (AC +1).
You have supernaturally acute eyesight.
Armour fits poorly on your strangely shaped body.
Your system is resistant to poisons.
You cover ground very slowly.
You have a slow metabolism.
You can spit poison.


Message History

The orc priest mumbles some strange prayers to Beogh against you.
Something smites you!
There is a large open door here.
The orc priest calls upon Beogh to heal the orc.
The orc's wounds heal themselves!
The orc priest invokes the aid of Beogh against you.
Something smites you!
* * * LOW HITPOINT WARNING * * *
A kobold comes into view.
There is a large open door here.
You feel better. The orc hits you but does no damage.
You feel drained.
It was a potion of might.
You feel very mighty all of a sudden.
The orc hits you with a short sword of draining.
* * * LOW HITPOINT WARNING * * *
You feel drained.
The orc priest mumbles some strange prayers to Beogh against you.
Something smites you!
You die...
Your body crumbles into a pile of gold.

**************#.# **** #.# ,,,*
#.# ,,,********#####.#
,,,*,,,,,,*#...#.# #########
...*,,,,>,*#...#.######.......#
...*,,,,,,*#...#......'.......#
...*,,,...##...##.....#(......#
.#**,,,...Ko.ooo@.....'.......#
.# *,,,...##.o.##.....#.#######
.# ******,#.....#.....#.# <####
#....##.#.....#.# ....#
#.....#.#######.####
....#####.....#.######.....#
........#.#'#.#.#....'.....#
####....#.....#.#'####.....#
##......#.....#,,,,,*#.....#


You could see 3 orc priests, 2 orcs and a kobold.

Vanquished Creatures
  6 adders
  2 oozes
  A worm (D:3)
  A giant gecko (D:1)
  An orc (D:3)
  6 bats
  5 giant cockroaches
  5 goblins
  9 hobgoblins
  11 kobolds
  2 giant newts (D:2)
  12 rats
61 creatures vanquished.

Notes
Turn   | Place    | Note
--------------------------------------------------------------
     0 | D:1      | LilCorpsy the Naga Assassin began the quest for the Orb.
     0 | D:1      | Reached XP level 1. HP: 19/19 MP: 1/1
    21 | D:1      | Reached skill level 6 in Stealth
    21 | D:1      | Reached XP level 2. HP: 23/26 MP: 2/2
   501 | D:1      | Reached XP level 3. HP: 28/32 MP: 3/3
   802 | D:2      | Found Gozag's Platinum Reserve.
   833 | D:2      | Found an opulent altar of Gozag.
   937 | D:2      | Became a worshipper of Gozag Ym Sagoz the Greedy
  1016 | D:2      | Reached skill level 7 in Stealth
  1082 | D:2      | Reached XP level 4. HP: 20/39 MP: 4/4
  1250 | D:2      | Found a faded altar to an unknown god.
  1872 | D:2      | Found a snail-covered altar of Cheibriados.
  2469 | D:3      | Reached XP level 5. HP: 35/45 MP: 5/5
  2550 | D:3      | HP: 2/45 [orc priest/divine providence (13)]
  2552 | D:3      | Killed from afar by an orc priest

Vault maps used:
D:1:      grunt_arrival_crossed_arrows, st_stairs_14
D:2:      cheibriados_altar_1, ecumenical_altar_1,
          nicolae_gozag_zags_fifth_avenue
D:3:      first_bread, st_stairs_8

Action                   |  1- 3 |  4- 6 || total
-------------------------+-------+-------++-------
Melee: Dagger            |    84 |   120 ||   204
 Abil: Spit Poison       |       |     3 ||     3
  Use: Scroll            |       |     6 ||     6
       Potion            |       |     4 ||     4
 Stab: Sleeping          |    10 |     3 ||    13
       Distracted        |     1 |     1 ||     2
  Eat: Meat ration       |       |     1 ||     1
